 Dungeon Crawl Stone Soup version 0.28-a0-691-gad6df49e81 (webtiles) character file.

Game seed: 5790451366368017921

36 marklar909 the Grave Robber (level 3, -1/37 HPs)
             Began as a Palentonga Necromancer on Oct 22, 2021.
             Slain by an adder (4 damage)
             ... on level 2 of the Dungeon.
             The game lasted 00:03:50 (1863 turns).

marklar909 the Grave Robber (PaNe)                  Turns: 1863, Time: 00:03:51

Health: -1/37      AC: 21    Str: 11    XL:     3   Next: 19%
Magic:  3/6        EV:  1    Int: 15    God:
Gold:   53         SH:  0    Dex: 11    Spells: 6/7 levels left

rFire   . . .      SeeInvis +   (no weapon)
rCold   . . .      Faith    .   (no shield)
rNeg    . . .      Spirit   .   (armour currently unavailable)
rPois   +          Reflect  .   (helmet currently unavailable)
rElec   .          Harm     .   (cloak currently unavailable)
rCorr   .          Rampage  .   (gloves currently unavailable)
Will    .....      NoTele   +   (no barding)
Stlth   ++........              (no amulet)
HPRegen 0.12/turn               (no ring)
MPRegen 0.10/turn               (no ring)

@: tree-form
A: stationary, stasis, torment immunity, boosted hp, large, rugged brown scales
3, see invisible, (deformed body), (roll 1), (armoured tail)
a: no special abilities


You were on level 2 of the Dungeon.
You were a tree.
You visited 1 branch of the dungeon, and saw 2 of its levels.

You collected 53 gold pieces.

Inventory:

Missiles
 g - a throwing net
Armour
 a - a +0 robe (melded)
Jewellery
 e - an amulet of guardian spirit
Wands
 i - a wand of polymorph (9)
Scrolls
 b - a scroll of enchant weapon {unknown}
 c - a scroll of immolation {unknown}
 d - a scroll of summoning {unknown}
 f - 2 scrolls of identify
Potions
 h - a potion of might


   Skills:
 + Level 1.6 Dodging
 + Level 1.3 Stealth
 + Level 0.2 Unarmed Combat
 + Level 2.5 Spellcasting
 + Level 4.6 Necromancy


You had 6 spell levels left.
You knew the following spells:

 Your Spells              Type           Power      Damage    Failure   Level
a - Pain                  Necr           60%        1d7       3%          1

Your spell library contained the following spells:

 Spells                   Type           Power      Damage    Failure   Level
 Animate Skeleton         Necr           30%        N/A       3%          1
 Vampiric Draining        Necr           7%         2d7       10%         3
 Animate Dead             Necr           7%         N/A       30%         4
 Agony                    Necr           15%        N/A       65%         5


Dungeon Overview and Level Annotations

Branches:
Dungeon (2/15)

Altars:

Shops:
D:2 [


Innate Abilities, Weirdness & Mutations

You are a tree.
Your roots penetrate the ground, keeping you stationary.
You cannot be teleported.
You are immune to unholy pain and torment.
Your maximum health is greatly increased.
Your equipment is partially melded.
(You are completely covered in rugged brown scales. (AC +3, +7% HP))
You have supernaturally acute eyesight. (SInv)
((Armour fits poorly on your strangely shaped body.))
((You can roll at nearby foes to attack.))
((You have a long armoured tail.))


Message History

The adder hisses angrily.
Casting: Pain (safe; 3% risk of failure)
Confirm with . or Enter, or press ? or * to list all spells.
Aiming: Pain (safe; 3% risk of failure)
Press: ? - help, Shift-Dir - straight line, f/p - worm
Aim: a worm (severely wounded, chance to affect: 80%)
The worm writhes in agony.
The adder bites you. The adder barely misses you.
The adder bites you but does no damage.
Unknown command.
The adder bites you.
You are poisoned.
The adder poisons you!
You feel sick.
You feel sick.
You feel sick. The adder bites you but does no damage.
You feel sick.
A frilled lizard comes into view.
You feel sick.
You are no longer poisoned.
The adder misses you.
A worm comes into view.
The adder bites you. The adder bites you.
You are poisoned.
The adder poisons you!
You feel sick.
You feel sick.
You feel sick.
You feel sick.
You are no longer poisoned.
The adder bites you.
* * * LOW HITPOINT WARNING * * *
Okay, then.
It was a potion of lignification.
You turn into a tree.
Your +0 robe melds into your body.
Your roots penetrate the ground.
The adder bites you but does no damage. The worm bites you but does no damage.
Unknown command.
You closely miss the adder. The adder bites you.
You die...

##.### #.# .. #.# #.# ...... .#
#># #.# #.##.# .# #.# #.#
#.##.# .# ###.#####.# #.##.#
##.# ..........#
#..#.########..#
###.##########..............#
#..........#...w..##.###..#####
#.............♣S..w........†...
##########.#...........####.#..
#.##.#...##.#.# #
#........##.#.#
#..#.#...##.#.####.#.
#..∩........#.......l
##.#.#.#.###.........
#...................
####################


You could see 2 worms and an adder.

Vanquished Creatures
  A gnoll (D:1)
  4 bats (D:1)
  3 endoplasms
  2 goblins (D:1)
  2 hobgoblins (D:1)
  2 kobolds (D:1)
  A quokka (D:1)
  6 ball pythons
  4 rats
25 creatures vanquished.

Notes
Turn   | Place    | Note
-------+----------+-------------------------------------------
     0 | D:1      | marklar909 the Palentonga Necromancer began the quest for
                  | the Orb.
     0 | D:1      | Reached XP level 1. HP: 13/13 MP: 3/3
   384 | D:1      | Reached XP level 2. HP: 5/20 MP: 0/5
  1376 | D:1      | Reached XP level 3. HP: 22/25 MP: 2/6
  1671 | D:2      | Found Unwets Asar's Armour Boutique.
  1861 | D:2      | HP: 1/25 [adder (3)]
  1863 | D:2      | Slain by an adder

Illustrated notes

Levels and vault maps discovered:
D:1:      minmay_arrival_hallway, layout_basic, kennysheep_flooded_box
D:2:      layout_loops_ring, chequers_ecumenical_altar_island, serial_shops,
          shop

Action                   || total
-------------------------++-------
Melee: Unarmed           ||     8
 Cast: Pain              ||    63
 Abil: Rolling Charge    ||     1
  Use: Scroll            ||     1
       Potion            ||     1
Armor: Robe              ||    10
       Skin              ||     2
Dodge: Dodged            ||    19

Table legend: (Time is in decaauts)
 A = Elapsed time spent in this place.
 B = Non-inter-level travel time spent in this place.
 C = Inter-level travel time spent in this place.
 D = Time resting spent in this place.
 E = Time spent auto-exploring this place.
 F = Levels seen in this place.
 G = Mean time per level.
                   A        B        C        D        E       F      G
               +--------+--------+--------+--------+--------+-----+--------+
         Total |   1862 |   1840 |     22 |    519 |    980 |   2 |  931.0 |
       Dungeon |   1862 |   1840 |     22 |    519 |    980 |   2 |  931.0 |
               +--------+--------+--------+--------+--------+-----+--------+

Top non-repeatable levels by time:
     D:1: 1612 daAuts
     D:2: 250 daAuts
